 Dungeon Crawl Stone Soup version 0.26.0-10-g1f06aea511 (webtiles) character file.

Game seed: 4975723008847728181

55 Borgoz the Slasher (level 3, -2/30 HPs)
             Began as a Ghoul Gladiator on Jan 18, 2021.
             Slain by a goblin
             ... wielding a cursed -2 club
             ... led by Robin
              (7 damage)
             ... on level 2 of the Dungeon.
             The game lasted 00:01:41 (1345 turns).

Borgoz the Slasher (Ghoul Gladiator)                Turns: 1345, Time: 00:01:41

Health: -2/30      AC:  4    Str: 17    XL:     3   Next: 93%
Magic:  2/2        EV: 12    Int:  3    God:
Gold:   111        SH:  0    Dex: 11    Spells: 2/2 levels left

rFire    + . .     SeeInvis .   a - +0 long sword
rCold    + . .     Faith    .   (no shield)
rNeg     + + +     Spirit   .   b - +0 leather armour
rPois    ∞         Reflect  .   c - +0 helmet
rElec    .         Harm     .   (no cloak)
rCorr    .         Rampage  .   (no gloves)
Will     .....                  (no boots)
Stlth    +.........             (no amulet)
HPRegen  0.00/turn              (no ring)
MPRegen  0.08/turn              f - ring of protection from fire

@: hasted, very quick
A: claws 1, cold resistance 1, negative energy resistance 3, inhibited
regeneration, torment resistance, unbreathing
a: no special abilities


You were on level 2 of the Dungeon.
You visited 1 branch of the dungeon, and saw 2 of its levels.

You collected 111 gold pieces.

Inventory:

Hand Weapons
 a - a +0 long sword (weapon)
Missiles
 d - 5 throwing nets (quivered)
Armour
 b - a +0 leather armour (worn)
 c - a +0 helmet (worn)
 k - a +0 ring mail
Jewellery
 e - an uncursed ring of ice
 f - a ring of protection from fire (right claw)
Scrolls
 h - a scroll of remove curse {unknown}
Potions
 i - a potion of curing {unknown}
 j - a potion of heal wounds {unknown}


   Skills:
 + Level 2.7 Fighting
 * Level 3.3 Long Blades
 - Level 1.7 Throwing
 * Level 1.5 Armour
 + Level 3.0 Dodging


You had 2 spell levels left.
You didn't know any spells.
Your spell library was empty.

Dungeon Overview and Level Annotations

Branches:
Dungeon (2/15)

Altars:
Ru
Trog

Annotations:
D:2 Robin


Innate Abilities, Weirdness & Mutations

You thrive by killing the living.
You are immune to poison.
You have sharp fingernails.
Your flesh is cold resistant. (rC+)
You are immune to negative energy. (rN+++)
You do not regenerate when monsters are visible.
You are immune to unholy pain and torment.
You can survive without breathing.


Message History

The goblin closely misses you. Robin throws the goblin at you!
You closely miss the goblin.
The goblin no longer looks unusually strong.
The goblin closely misses you. The goblin hits you but does no damage.
The goblin completely misses you.
You riposte.
You closely miss the goblin. You hit the goblin.
The goblin is almost dead.
The goblin misses you. The goblin hits you but does no damage.
A hobgoblin comes into view. It is wielding a +0 club.
The goblin closely misses you.
You riposte.
You hit the goblin.
You kill the goblin!
You feel better.
Robin roars a battlecry!
The goblin goes into a battle-frenzy!
The hobgoblin closely misses you.
You riposte.
You barely miss the hobgoblin.
You feel yourself speed up. The goblin hits you with a +0 club!
* * * LOW HITPOINT WARNING * * *
The goblin hits you with a cursed -2 club!
You die...

#.#.###.# #.# ##.#.# #.#
#.# #..#.###.# #.#
###.#......# #.#
#.._...##### #.# #.#.##.#
#.# #.#.##.### #g#
#........# w
####@#####.####.#.### ..
..#rgg...#..........# g.
#.#......#..###...#.# ##.
#.#......#..#.....#.#
.#...##.#gg................
..._gg...g#....#........#.#
#...#)........##.........#
# #.).##.##.#####.######
#......##.##.# #.#


You could see Robin, 3 hobgoblins, 2 goblins and a rat.

Vanquished Creatures
  2 oozes (D:2)
  2 leopard geckos
  4 giant cockroaches (D:1)
  9 goblins
  5 hobgoblins
  4 jackals (D:1)
  A kobold (D:1)
  A quokka (D:2)
  5 bats
  5 rats
38 creatures vanquished.

Notes
Turn   | Place    | Note
-------+----------+-------------------------------------------
     0 | D:1      | Borgoz the Ghoul Gladiator began the quest for the Orb.
     0 | D:1      | Reached XP level 1. HP: 17/17 MP: 0/0
   143 | D:1      | Reached XP level 2. HP: 25/25 MP: 1/1
   308 | D:1      | Reached skill level 1 in Armour
   350 | D:1      | Reached XP level 3. HP: 30/30 MP: 2/2
  1234 | D:2      | Found a bloodstained altar of Trog.
  1323 | D:2      | Found a sacrificial altar of Ru.
  1327 | D:2      | Noticed Robin
  1345 | D:2      | Slain by a goblin

Illustrated notes

Levels and vault maps discovered:
D:1:      wheals_arrival_linesprint, layout_loops_ring, st_stairs_9,
          corexii_leaking_fountain
D:2:      layout_loops_corners, nicolae_overflow_crystal_walls,
          lemuel_crystal_altar, uniq_robin

Skill      XL: |  1  2  3 |
---------------+----------+-----
Long Blades    | 3 |  3.3
Armour         | 1 |  1.5
Dodging        | 3 |  3.0
Fighting       | |  2.7
Throwing       | |  1.7

Action                   || total
-------------------------++-------
Melee: Long sword        ||    85
  Use: Scroll            ||     2
       Potion            ||     1
Armor: Leather armour    ||    29
Dodge: Dodged            ||    66
       Rpst.: Long sword ||    29
